 Dungeon Crawl Stone Soup version 0.25.1-2-g60ff931df9 (console) character file.

Game seed: 725145364217100193

14217 Colgate the Whirler (level 12, -7/78 HPs)
             Began as a Halfling Berserker on Aug 21, 2020.
             Was a High Priest of Trog.
             Mangled by a two-headed ogre
             ... wielding a +0 giant spiked club
             ... summoned by the player character
              (33 damage)
             ... on level 13 of the Dungeon.
             The game lasted 02:31:28 (13341 turns).

Colgate the Whirler (Halfling Berserker)           Turns: 13341, Time: 02:31:28

Health: -7/78      AC: 16    Str: 22    XL:     12   Next: 42%
Magic:  13/13      EV:  9    Int:  8    God:    Trog [*****.]
Gold:   669        SH:  6    Dex: 15    Spells: 11/11 levels left

rFire    . . .     SeeInvis .   a - +10 dagger {flame, *Slow rElec rN+++ Int+3}
rCold    + . .     Gourm    .   W - +0 buckler
rNeg     + + +     Faith    .   h - +0 plate armour
rPois    .         Spirit   .   (no helmet)
rElec    +         Reflect  .   L - +0 cloak
rCorr    .         Harm     .   (no gloves)
MR       .....                  t - +0 pair of boots
Stlth    ..........             (no amulet)
HPRegen  0.23/turn              D - +4 ring of slaying
MPRegen  0.13/turn              A - ring of protection from cold

@: berserk cooldown, slowed, very slow
A: small, mutation resistance 1
a: Berserk, Trog's Hand, Brothers in Arms, Renounce Religion


You were on level 13 of the Dungeon.
You worshipped Trog.
Trog was extremely pleased with you.
You were hungry.

You visited 1 branch of the dungeon, and saw 13 of its levels.
You also visited: Ossuary.

You collected 669 gold pieces.

Inventory:

Hand Weapons
 a - the +10 dagger of Doom (weapon) {flame, *Slow rElec rN+++ Int+3}
   (You found it on level 4 of the Dungeon)

   It has been specially enchanted to burn those struck by it, causing extra
   injury to most foes and up to half again as much damage against particularly
   susceptible opponents.
   It affects your intelligence (+3).
   It insulates you from electricity.
   It renders you almost immune to negative energy.
   It may slow you when you take damage.
 b - a +3 hunting sling
 y - a +0 vampiric short sword
 E - a +0 rapier
 I - a +4 short sword
Missiles
 g - 488 stones
 p - 3 throwing nets
 q - 70 poisoned darts (quivered)
 s - 48 sling bullets
 B - 3 boomerangs
Armour
 d - a +0 scale mail
 h - a +0 plate armour (worn)
 l - a +0 chain mail
 n - a +0 troll leather armour
 t - a +0 pair of boots (worn)
 C - a +0 ring mail
 F - a +0 kite shield
 L - a +0 cloak (worn)
 Q - a +1 robe of magic resistance
 W - a +0 buckler (worn)
Jewellery
 k - an uncursed ring of ice
 o - an uncursed ring of protection from magic {unknown}
 A - a ring of protection from cold (right hand)
 D - a +4 ring of slaying (left hand)
 T - an uncursed ring of resist corrosion
 Z - an uncursed ring of fire
Wands
 f - a wand of polymorph (14)
 H - a wand of flame (14)
 S - a wand of digging (8)
 Y - a wand of clouds (1)
Scrolls
 i - a scroll of magic mapping
 m - 2 scrolls of immolation
 v - 8 scrolls of remove curse
 z - 8 scrolls of teleportation
 M - 2 scrolls of fear
Potions
 u - 3 potions of haste
 x - a potion of might
 G - a potion of berserk rage
 J - a potion of ambrosia {unknown}
 N - 2 potions of stabbing
 O - 2 potions of lignification
 P - 4 potions of cancellation
 R - 10 potions of curing
 V - a potion of resistance
 X - a potion of flight
Miscellaneous
 e - a phial of floods (inert)
 r - a phantom mirror
Comestibles
 c - 20 rations
 j - 2 chunks of flesh


   Skills:
 - Level 5.9 Fighting
 - Level 5.0 Short Blades
 + Level 20.4(20.5) Slings
 - Level 2.0(10.4) Throwing
 - Level 8.1 Armour
 - Level 2.1 Dodging
 - Level 3.2 Shields
 - Level 2.1 Evocations


You had 11 spell levels left.
You didn't know any spells.
Your spell library was empty.

Dungeon Overview and Level Annotations

Branches:
Dungeon (14/15)            Temple (0/1) D:4            Lair (0/6) D:10
    Orc (0/2) D:11        Ossuary (visited)
 Vaults: D:13-14

Altars:
Cheibriados

Shops:
D:8 *=}


Innate Abilities, Weirdness & Mutations

You are small and have problems with some larger weapons.
You are somewhat resistant to further mutation.


Message History

Space bends around you. The tengu warrior closely misses you.
The tengu warrior claws you but does no damage.
You puncture the tengu warrior! You burn the tengu warrior.
You kill the tengu warrior!
Trog accepts your kill.
You swap places.
You are no longer berserk.
You are exhausted.
You feel yourself slow down.
Your two-headed ogre closely misses you.
Your two-headed ogre barely misses you.
R - 10 potions of curing (gained 1)
Things that are here:
a +1 dire flail of distortion; a +0 leather armour; a tengu corpse Your two-headed ogre rages.
You butcher the tengu corpse.
Your two-headed ogre hits you with a +0 giant spiked club!!!
Ouch! That really hurt!
Your two-headed ogre hits you with a +0 giant club!!
You die...

#.# .#.# #.# .#.# #.#
.... #.# ..# ######
#.#...###
##....########.#......
#.....................
#...........##.#.....
#.......###.##.# ...
#.....#.# #.##.# .
#.....#.# #.##@#
#.....#.###.##O#
#.##...........#
#.##.##.###.####
#.##.##.....#
#>)..........
############


You could see a friendly two-headed ogre (summoned, berserk, confused).

Vanquished Creatures
  2 tengu warriors (D:13)
  Pikel (D:7)
  A necromancer (D:10)
  An ugly thing (D:13)
  A manticore (D:13)
  A gargoyle (D:11)
  3 centaur skeletons (D:10)
  A troll (D:11)
  2 hornets
  2 hippogriffs
  4 slime creatures
  A snapping turtle (D:11)
  Sigmund (D:3)
  4 shadows
  4 flying skulls (D:10)
  A wraith (D:10)
  4 hogs (D:9)
  A human (D:9)
  4 yaks (D:10)
  Menkaure (Ossuary)
  2 porcupines (D:10)
  A sky beast (D:6)
  2 hornet zombies
  4 orc warriors
  A slave (D:7)
  3 ice beasts
  4 ogres
  The ghost of chimenez the Ducker, an amateur OpFi of Cheibriados (D:3)
  A crocodile (D:11)
  Blork the orc (D:4)
  5 bullfrogs
  A water moccasin zombie (D:10)
  3 scorpions
  15 wights
  A howler monkey (D:9)
  4 crimson imps
  4 centaur zombies
  A bullfrog zombie (D:10)
  3 jellies
  3 orc priests
  4 bullfrog skeletons
  3 hounds
  An iguana (D:4)
  7 orc wizards
  7 worker ants
  3 hound zombies
  A hound skeleton (D:5)
  3 mummies (Ossuary)
  2 howler monkey zombies
  A howler monkey skeleton (D:4)
  6 gnolls
  6 adders
  3 shadow imps
  An ooze (D:2)
  An adder zombie (D:9)
  5 worms
  A dart slug (D:1)
  6 leopard geckos
  29 orcs
  A ball python (D:1)
  6 bats
  2 giant cockroaches
  5 gnoll zombies (Ossuary)
  7 goblins
  9 hobgoblins
  8 quokkas
  3 frilled lizards
  4 gnoll skeletons (Ossuary)
  2 goblin skeletons (Ossuary)
  2 goblin zombies (Ossuary)
  6 hobgoblin skeletons (Ossuary)
  6 hobgoblin zombies (Ossuary)
  5 kobolds
  3 kobold skeletons (Ossuary)
  6 kobold zombies (Ossuary)
  5 orc skeletons (Ossuary)
  3 orc zombies (Ossuary)
  A quokka zombie (D:10)
  8 rats
  5 rat skeletons (Ossuary)
  3 rat zombies (Ossuary)
  A plant (D:10)
291 creatures vanquished.

Vanquished Creatures (collateral kills)
  Josephine (D:10)
  Harold (D:9)
  2 wraiths (D:10)
  An orc warrior (D:10)
  A wight (D:10)
  2 bullfrog zombies (D:10)
  A centaur skeleton (D:10)
  2 bullfrog skeletons (D:10)
  An orc wizard (D:10)
12 creatures vanquished.

Vanquished Creatures (others)
  2 fungi (D:10)
2 creatures vanquished.

Grand Total: 305 creatures vanquished

Notes
Turn   | Place    | Note
-------+----------+-------------------------------------------
     0 | D:1      | Colgate the Halfling Berserker began the quest for the Orb.
     0 | D:1      | Reached XP level 1. HP: 15/15 MP: 1/1
   397 | D:1      | Reached XP level 2. HP: 20/20 MP: 2/2
  1245 | D:2      | Reached XP level 3. HP: 25/25 MP: 3/3
  1266 | D:2      | Reached skill level 5 in Short Blades
  1351 | D:2      | Reached skill level 1 in Throwing
  1482 | D:2      | Reached XP level 4. HP: 30/30 MP: 4/4
  1651 | D:2      | Reached ** piety under Trog
  1720 | D:2      | Reached skill level 1 in Slings
  1807 | D:2      | Reached skill level 2 in Slings
  1989 | D:3      | Reached skill level 3 in Slings
  1989 | D:3      | Reached XP level 5. HP: 35/35 MP: 5/5
  2194 | D:3      | Reached skill level 4 in Slings
  2308 | D:3      | Found a runed translucent gate.
  2308 | D:3      | Found a runed translucent gate.
  2309 | D:3      | Found a runed translucent gate.
  2313 | D:3      | Noticed chimenez's ghost (amateur OpFi)
  2324 | D:3      | Killed chimenez's ghost
  2324 | D:3      | Reached skill level 6 in Slings
  2324 | D:3      | Reached XP level 6. HP: 41/41 MP: 6/6
  2505 | D:3      | Noticed Sigmund
  2516 | D:3      | Killed Sigmund
  2516 | D:3      | Reached skill level 8 in Slings
  2516 | D:3      | Reached XP level 7. HP: 27/45 MP: 7/7
  3580 | D:4      | Reached skill level 9 in Slings
  3696 | D:4      | Got a steaming dagger
  3696 | D:4      | Identified the +10 dagger of Doom {flame, *Slow rElec rN+++
                  | Int+3} (You found it on level 4 of the Dungeon)
  3729 | D:4      | Found a staircase to the Ecumenical Temple.
  3741 | D:4      | Reached *** piety under Trog
  3789 | D:4      | Found a snail-covered altar of Cheibriados.
  4006 | D:4      | Noticed Blork the orc
  4012 | D:4      | Killed Blork the orc
  4111 | D:5      | Entered Level 5 of the Dungeon
  4135 | D:5      | Reached skill level 10 in Slings
  4853 | D:6      | Reached XP level 8. HP: 51/51 MP: 8/8
  5032 | D:6      | Reached skill level 11 in Slings
  5933 | D:6      | Reached skill level 12 in Slings
  6186 | D:6      | Reached skill level 13 in Slings
  6196 | D:7      | Reached XP level 9. HP: 55/55 MP: 9/9
  6522 | D:7      | Noticed Pikel
  6541 | D:7      | Killed Pikel
  6541 | D:7      | Reached skill level 15 in Slings
  6565 | D:7      | HP: 4/82 [poisoned by an orc wizard]
  6567 | D:7      | HP: 1/82 [poisoned by an orc wizard]
  7358 | D:8      | Reached skill level 1 in Shields
  7366 | D:8      | Found Ceps's Jewellery Boutique.
  7389 | D:8      | Found Jusuokyi's Gadget Shoppe.
  7465 | D:8      | Found Esmull's General Store.
  7525 | D:8      | Found a sand-covered staircase.
  7548 | Ossuary  | Entered an ossuary
  7716 | Ossuary  | Reached **** piety under Trog
  8097 | Ossuary  | Noticed Menkaure
  8101 | Ossuary  | Killed Menkaure
  8657 | D:8      | Got an ichor-stained trident
  8658 | D:8      | Identified the +6 trident of Prescription {vorpal, MR+}
                  | (You found it on level 8 of the Dungeon)
  8787 | D:8      | Reached XP level 10. HP: 56/61 MP: 10/10
  8963 | D:9      | Reached ***** piety under Trog
  8963 | D:9      | Reached skill level 16 in Slings
  9396 | D:9      | Noticed Harold
  9406 | D:9      | Killed Harold
  9406 | D:9      | Reached skill level 5 in Fighting
  9938 | D:9      | Reached skill level 17 in Slings
 10166 | D:10     | Entered Level 10 of the Dungeon
 10217 | D:10     | Reached skill level 5 in Armour
 10390 | D:10     | Received a gift from Trog
 10487 | D:10     | Reached XP level 11. HP: 70/72 MP: 11/11
 10614 | D:10     | Noticed Josephine
 10630 | D:10     | Reached skill level 18 in Slings
 10633 | D:10     | Reached skill level 1 in Evocations
 10654 | D:10     | Killed Josephine
 11110 | D:10     | Noticed a necromancer
 11116 | D:10     | Killed a necromancer
 11542 | D:10     | Reached skill level 19 in Slings
 11579 | D:10     | Found a staircase to the Lair.
 12021 | D:10     | Reached XP level 12. HP: 70/78 MP: 13/13
 12455 | D:11     | Noticed a two-headed ogre
 12458 | D:11     | a two-headed ogre changed into a snapping turtle
 12865 | D:11     | Received a gift from Trog
 12872 | D:11     | Got a bloodstained quarterstaff {god gift}
 12878 | D:11     | Identified the +6 quarterstaff "Datoe" {vorpal, Str+3
                  | Int+2} (Trog gifted it to you on level 11 of the Dungeon)
 12981 | D:11     | Found a staircase to the Orcish Mines.
 13129 | D:11     | You fall into a shaft and drop 3 floors!
 13129 | D:14     | Noticed a vault guard
 13135 | D:14     | Noticed a vault guard
 13140 | D:14     | Noticed a tengu warrior
 13143 | D:14     | Noticed a centaur warrior
 13160 | D:13     | Reached skill level 20 in Slings
 13170 | D:13     | Killed a tengu warrior
 13328 | D:13     | Noticed a tengu warrior
 13338 | D:13     | Killed a tengu warrior
 13341 | D:13     | Mangled by a two-headed ogre

Illustrated notes

Levels and vault maps discovered:
D:1:      psy_arrival_basics, layout_loops_corners
D:2:      layout_basic, serial_glass, glass_columns_c, glass_columns_a,
          grunt_decor_one_mirror
D:3:      minmay_diamond_boxcup, layout_basic, ebering_ghost_rock_garden,
          uniq_sigmund
D:4:      layout_loops_cross, marbit_many_paths, minmay_temple_entry_junction,
          first_ration, roderic_roman_lattice, uniq_blork_the_orc
D:5:      layout_rooms
D:6:      layout_layer_cave
D:7:      layout_cave_pools, uniq_pikel
D:8:      layout_loops_cross, serial_shops, nicolae_shop_waterfront, shop, shop,
          nicolae_ossuary_entry_ruins
D:9:      layout_stronghold, grunt_livestock, grunt_ministairs_7,
          minmay_quadrilaterals, uniq_harold
D:10:     hangedman_screamer, layout_loops_cross,
          grunt_lair_entry_orc_guard_hut, minmay_misc_feat_iff,
          lemuel_old_faithful
D:11:     layout_grid_maze, orc_0_dummy
D:13:     layout_basic, uniq_kirke
D:14:     layout_loops_ring, grunt_vaults_entry_fortified,
          minmay_misc_feat_ornament

Skill      XL: |  1  2  3  4  5  6  7  8  9 10 11 12 |
---------------+-------------------------------------+-----
Short Blades   | 4 5 |  5.0
Throwing       | 1 2 |  2.0
Slings         | 3 6 8 10 13 15 17 19 20 | 20.4
Armour         | 4 5 8 |  8.1
Shields        | 1 3 |  3.2
Fighting       | 5 |  5.9
Evocations     | 2 |  2.1
Dodging        | |  2.1

Action                   |  1- 3 |  4- 6 |  7- 9 | 10-12 || total
-------------------------+-------+-------+-------+-------++-------
Melee: Short sword       |    63 |    56 |     1 |       ||   120
       Dagger            |       |       |   106 |   227 ||   333
 Fire: Hunting sling     |       |    60 |   212 |   209 ||   481
Throw: Stone             |    10 |       |       |       ||    10
       Dart              |    49 |    26 |    13 |     3 ||    91
       Throwing net      |       |     2 |     3 |     3 ||     8
       Boomerang         |       |       |     2 |       ||     2
Invok: Berserk           |     1 |     2 |     4 |     5 ||    12
       Trog's Hand       |       |       |     4 |     2 ||     6
       Brothers in Arms  |       |       |       |     3 ||     3
Evoke: Wand              |       |       |     5 |    22 ||    27
       Phial of floods   |       |       |       |     1 ||     1
  Use: Scroll            |       |       |    11 |    14 ||    25
       Potion            |       |       |     7 |     5 ||    12
 Stab: Held in net/web   |       |       |     1 |       ||     1
  Eat: Chunk             |     3 |     4 |    15 |    19 ||    41
       Ration            |       |       |     3 |       ||     3
Armor: Scale mail        |    15 |     2 |       |     1 ||    18
       Plate armour      |     6 |    17 |    48 |    82 ||   153
       Ring mail         |       |     4 |     4 |       ||     8
       Skin              |       |       |       |    26 ||    26
Dodge: Dodged            |    23 |    20 |    45 |    62 ||   150
Block: Kite shield       |       |       |     7 |     1 ||     8
       Buckler           |       |       |    19 |    36 ||    55
